 Dungeon Crawl Stone Soup version 0.26.1-2-gb8aa6d0cf2 (webtiles) character file.

Game seed: 4719752413488093895

252880 jlumianski the Severer (level 19, -4/166 HPs)
             Began as a Palentonga Fighter on Feb 11, 2021.
             Was the Champion of Okawaru.
             Slain by the 27-headed Lernaean hydra (9 damage)
             ... on level 4 of the Swamp on Feb 13, 2021.
             The game lasted 04:24:31 (49411 turns).

jlumianski the Severer (Palentonga Fighter)        Turns: 49411, Time: 04:24:31

Health: -4/166     AC: 52    Str: 27    XL:     19   Next: 36%
Magic:  26/26      EV:  6    Int: 15    God:    Okawaru [******]
Gold:   3590       SH: 28    Dex: 20    Spells: 18/18 levels left

rFire    + + .     SeeInvis +   c - +6 broad axe (flame)
rCold    + . .     Faith    .   s - +2 tower shield
rNeg     + . .     Spirit   .   z - +9 plate armour of the Volcano {rF+ Dex+5 SInv}
rPois    +         Reflect  +   E - +3 crown of Dyrovepreva {rElec Int+2 SInv}
rElec    +         Harm     .   p - +2 cloak {rPois}
rCorr    +         Rampage  .   y - +2 pair of gloves {Str+3}
Will     ++...     Rnd*Rage +   W - +2 barding of Fortification {*Slow rF+ Regen+ rCorr}
Stlth    ..........             o - amulet of reflection
HPRegen  0.77/turn              b - +4 ring of protection
MPRegen  0.20/turn              Y - ring "Zilof" {rElec rN+ Will+ Int+2 Dex+6}

@: marked, studying Shields, curled up, very slow
A: large, claws 1, stinger 1, rugged brown scales 3, see invisible, berserk 1,
cold resistance 1, deformed body, frail 1, screaming 1, weak 1, subdued magic 1,
roll 1, armoured tail, reflexive curl
}: 1/15 runes: serpentine
a: Rolling Charge, Renounce Religion, Heroism, Finesse


You were on level 4 of the Swamp.
You worshipped Okawaru.
Okawaru was exalted by your worship.
You visited 6 branches of the dungeon, and saw 32 of its levels.
You also visited: Ice Cave and Volcano.

You collected 3975 gold pieces.
You spent 385 gold pieces at shops.

Inventory:

Hand Weapons
 c - a +6 broad axe of flaming (weapon)
Missiles
 a - 10 curare-tipped darts
 g - 13 boomerangs (quivered)
 j - 6 throwing nets
 G - 79 poisoned darts
 R - 4 silver javelins
Armour
 p - a +2 cloak of poison resistance (worn)
 q - a +0 barding of fire resistance
 s - a +2 tower shield (worn)
 y - a +2 pair of gloves of strength (worn)
 z - the +9 plate armour of the Volcano (worn) {rF+ Dex+5 SInv}
   (You found it on level 3 of the Lair of Beasts)

   It affects your dexterity (+5).
   It protects you from fire.
   It lets you see invisible.
 E - the +3 crown of Dyrovepreva (worn) {rElec Int+2 SInv}
   (You found it on level 5 of the Dungeon)

   It affects your intelligence (+2).
   It insulates you from electricity.
   It lets you see invisible.
 W - the +2 barding of Fortification (worn) {*Slow rF+ Regen+ rCorr}
   (Okawaru gifted it to you on level 3 of the Swamp)

   It protects you from fire.
   It increases your rate of regeneration.
   It provides partial protection from all sources of acid and corrosion.
   It may slow you when you take damage.
 Z - +0 swamp dragon scales
Jewellery
 b - a +4 ring of protection (left hand)
 f - an uncursed ring of resist corrosion
 l - an uncursed ring of protection from fire
 o - an amulet of reflection (around neck)
 w - an uncursed ring of wizardry
 A - an uncursed ring of protection from cold
 C - an uncursed ring of flight
 F - the amulet "Ecuoroc" {rElec Regen+}
   (You found it on level 1 of the Swamp)

   [amulet of regeneration]

   It insulates you from electricity.
   It increases your rate of regeneration.
 J - an uncursed ring of poison resistance
 O - an uncursed ring of protection from cold
 Y - the ring "Zilof" (right hand) {rElec rN+ Will+ Int+2 Dex+6}
   (You found it on level 8 of the Dungeon)

   [ring of dexterity]

   It affects your intelligence (+2).
   It affects your dexterity (+6).
   It insulates you from electricity.
   It protects you from negative energy.
   It affects your willpower, your defense against some magical effects.
Wands
 d - a wand of flame (32)
 H - a wand of acid (9)
 L - a wand of digging (14)
 P - a wand of iceblast (35)
Scrolls
 e - 12 scrolls of teleportation
 h - 3 scrolls of summoning
 i - 2 scrolls of holy word
 n - 12 scrolls of remove curse
 r - 4 scrolls of identify
 I - 4 scrolls of fog
 K - 3 scrolls of blinking
 M - a scroll of magic mapping
 Q - 4 scrolls of fear
 U - a scroll of enchant armour
Potions
 k - 4 potions of lignification
 m - a potion of berserk rage
 v - 5 potions of invisibility
 B - 10 potions of heal wounds
 N - 3 potions of might
 S - 4 potions of haste
 T - 6 potions of curing
 V - 4 potions of cancellation
 X - 3 potions of flight
Books
 u - a manual of Shields
Miscellaneous
 t - a condenser vane
 x - a tin of tremorstones (2/2)
 D - a lightning rod (4/4)


   Skills:
 + Level 16.0 Fighting
 + Level 18.6(18.8) Axes
 - Level 4.9(13.4) Maces & Flails
 + Level 3.1 Throwing
 + Level 13.0 Armour
 + Level 4.4 Dodging
 - Level 2.5 Stealth
 + Level 13.0 Shields
 * Level 10.3 Invocations
 * Level 2.7 Evocations


You had 18 spell levels left.
You didn't know any spells.
Your spell library contained the following spells:

 Spells                   Type           Power        Failure   Level
 Corona                   Hex            0%           95%         1
 Magic Dart               Conj           0%           95%         1
 Summon Small Mammal      Summ           0%           95%         1
 Blink                    Tloc           N/A          99%         2
 Call Imp                 Summ           0%           99%         2
 Ensorcelled Hibernation  Hex/Ice        0%           99%         2
 Poisonous Vapours        Pois/Air       0%           99%         2
 Slow                     Hex            0%           99%         2
 Call Canine Familiar     Summ           0%           100%        3
 Confusing Touch          Hex            0%           100%        3
 Conjure Flame            Conj/Fire      0%           100%        3
 Dazzling Flash           Conj/Hex       0%           100%        3
 Gell's Gravitas          Tloc           0%           100%        3
 Mephitic Cloud           Conj/Pois/Air  0%           100%        3
 Summon Guardian Golem    Hex/Summ       0%           100%        3
 Tukima's Dance           Hex            0%           100%        3
 Petrify                  Tmut/Erth      0%           100%        4
 Summon Ice Beast         Ice/Summ       0%           100%        4
 Summon Lightning Spire   Summ/Air       0%           100%        4
 Borgnjor's Vile Clutch   Necr/Erth      0%           100%        5
 Metabolic Englaciation   Hex/Ice        0%           100%        5
 Silence                  Hex/Air        0%           100%        5
 Yara's Violent Unravell  Hex/Tmut       0%           100%        5
 Freezing Cloud           Conj/Ice/Air   0%           100%        6
 Shadow Creatures         Summ           N/A          100%        6


Dungeon Overview and Level Annotations

Branches:
Dungeon (15/15)            Temple (1/1) D:6            Lair (6/6) D:10
  Swamp (4/4) Lair:3        Snake (4/4) Lair:2        Slime (0/5) Lair:5
    Orc (2/2) D:11            Elf (0/3) Orc:2        Vaults (0/5) D:13
 Depths (0/5) D:15          IceCv (visited)         Volcano (visited)

Altars:
Ashenzari
Cheibriados
Dithmenos
Elyvilon
Fedhas
Gozag
Hepliaklqana
Kikubaaqudgha
Makhleb
Nemelex Xobeh
Okawaru
Qazlal
Ru
Sif Muna
Trog
Uskayaw
Vehumet
Wu Jian
Xom
Yredelemnul
Zin
The Shining One
Beogh

Shops:
D:8 !   D:10 (   Orc:2 ![*[   Snake:1 =}=   Snake:2 *   Snake:3 (

Annotations:
D:8 kingbonesx's ghost, novice FeCj
D:10 3 runed translucent doors, hawla's ghost, novice DrCj
D:11 exclusion: ice statue
Swamp:4 Lernaean hydra


Innate Abilities, Weirdness & Mutations

You are completely covered in rugged brown scales. (AC +3, +7% HP)
You have supernaturally acute eyesight. (SInv)
Armour fits poorly on your strangely shaped body.
You can roll at nearby foes to attack.
You have a long armoured tail.
You curl defensively after being hit.
You have sharp fingernails.
Your tail ends in a poisonous barb.
You tend to lose your temper in combat.
Your flesh is cold resistant. (rC+)
You are frail. (-10% HP)
You occasionally shout uncontrollably at your foes.
You are weak. (Str -2)
Your spells are a little easier to cast, but a little less powerful.


Message History

* * * LOW HITPOINT WARNING * * *
The 27-headed Lernaean hydra bites you but does no damage.
The 27-headed Lernaean hydra bites you.
* * * LOW HITPOINT WARNING * * *
You block the 27-headed Lernaean hydra's attack. x2
The 27-headed Lernaean hydra bites you but does no damage.
You block the 27-headed Lernaean hydra's attack. x4
The 27-headed Lernaean hydra bites you but does no damage. x2
The 27-headed Lernaean hydra bites you!
* * * LOW HITPOINT WARNING * * *
The 27-headed Lernaean hydra closely misses you.
The 27-headed Lernaean hydra bites you.
* * * LOW HITPOINT WARNING * * *
You block the 27-headed Lernaean hydra's attack.
The 27-headed Lernaean hydra bites you but does no damage.
You block the 27-headed Lernaean hydra's attack.
The 27-headed Lernaean hydra bites you!
* * * LOW HITPOINT WARNING * * *
The 27-headed Lernaean hydra bites you!
You die...

♣♣♣♣♣♣≈≈≈#≈.....8...
♣..≈≈#≈(≈(≈8...#
♣♣♣♣♣≈...≈.....≈≈.#
♣♣≈...≈♣.#.††.#.†.⌠#
♣♣♣♣≈..≈§.≈.+≈.....####
♣≈.≈≈.≈§§≈♣.#≈...†≈≈.⌠#
♣♣.≈≈..≈w♣♣.'.≈..≈.≈..#
♣≈...§≈D.≈§≈#.8.8.(.≈.#
♣§...≈@§♣♣.≈#...≈≈.8.≈.
♣...≈.<..♣♣≈####.#≈..##
♣..§.....≈♣##.≈..†.8..#
♣≈.§≈§≈.♣..#....≈....≈#
♣♣♣♣.§≈.♣♣≈......#≈(...
♣≈.≈≈.§♣..≈.P≈.#≈.P..
♣♣......≈...≈...##'#.
♣....§...#####≈§≈...
♣♣≈...♣≈...≈.≈.≈.♣♣♣


You could see the 27-headed Lernaean hydra and a tyrant leech.

Vanquished Creatures
  Vashnia (Snake:3)
  Gastronok (Lair:2)
  The ghost of vinnietd the Tortoise, an adept HaFi of Trog (Snake:2)
  Donald (Swamp:3)
  A storm dragon (D:13)
  8 nagarajas
  2 fire giants
  Louise (Swamp:2)
  An orc warlord (D:11)
  A red draconian (Volcano)
  7 bunyips
  Nessos (Lair:5)
  An ettin (D:13)
  2 eleionomae
  3 boulder beetles
  Harold (Lair:1)
  2 catoblepae (Lair:6)
  3 ice dragons
  10 naga warriors
  A ghost crab (Swamp:1)
  27 hydras
  4 alligators
  2 death knights (D:13)
  18 two-headed ogres
  5 centaur warriors
  6 death yaks
  6 anacondas
  A tengu warrior (D:13)
  4 ogre magi
  12 naga sharpshooters
  9 shock serpents
  An orc high priest (Orc:1)
  21 spriggans
  An iron troll (Orc:1)
  Sonja (Orc:2)
  3 salamander mystics
  2 goliath frogs
  A deep troll (Orc:2)
  3 spriggan druids
  3 unseen horrors
  9 swamp dragons
  2 wizards
  7 naga ritualists
  14 bog bodies
  2 phantasmal warriors (D:13)
  3 orc knights
  A wolf spider zombie (D:13)
  2 deep elf magi
  10 mana vipers
  5 oklob plants
  4 cyclopes
  A wolf spider (D:13)
  22 ugly things
  An orc sorcerer (Orc:1)
  8 salamanders
  2 ice statues (IceCv)
  Joseph (D:7)
  2 will-o-the-wisps (Swamp:1)
  34 naga magi
  A molten gargoyle (Lair:2)
  48 black mambas
  6 guardian serpents
  2 gargoyles
  17 cane toads
  4 rime drakes
  20 komodo dragons
  3 freezing wraiths (D:13)
  3 yaktaurs
  3 efreet
  A queen bee (D:13)
  13 trolls
  3 meliai
  A harpy skeleton (D:15)
  A bloated husk (Swamp:1)
  12 tyrant leeches
  11 hornets
  14 polar bears
  11 slime creatures
  23 blink frogs
  A dream sheep (Lair:6)
  A shadow (D:11)
  4 wraiths
  6 wyverns
  44 yaks
  Sigmund (D:6)
  2 vampires
  A basilisk (Lair:2)
  3 fire bats (Orc:1)
  A warg (D:11)
  A harpy simulacrum (D:14)
  A two-headed ogre zombie (D:11)
  3 vampire mosquitoes
  A steam dragon (D:6)
  40 nagas
  23 swamp worms
  An acid dragon (D:14)
  21 water moccasins
  9 swamp drakes
  Duvessa (D:7)
  27 orc warriors
  21 ice beasts
  4 sky beasts
  3 eyes of draining (D:13)
  3 black bears
  2 necrophages
  4 phantoms
  29 ogres
  8 boggarts
  20 centaurs
  37 wolves
  4 big kobolds (D:4)
  17 bullfrogs
  8 scorpions
  4 troll zombies (D:11)
  Dowan (D:7)
  37 killer bees
  8 wights
  6 howler monkeys
  9 electric eels
  A lava snake (Lair:2)
  6 centaur zombies
  5 jellies
  2 bullfrog zombies (D:7)
  7 hounds
  2 quasits
  A water moccasin simulacrum (D:11)
  17 orc priests
  A wyvern simulacrum (D:10)
  5 bullfrog skeletons
  4 centaur skeletons
  A gnoll shaman (D:4)
  22 orc wizards
  Crazy Yiuf (D:2)
  6 iguanas
  14 worker ants
  6 hell rats (Lair:2)
  3 centaur simulacra
  A bullfrog simulacrum (D:12)
  3 ogre zombies (D:11)
  2 hound zombies
  2 hound skeletons
  3 worker ant zombies
  A howler monkey zombie (D:7)
  24 gnolls
  31 adders
  12 white imps
  A worker ant simulacrum (D:10)
  3 ufetubi
  2 adder skeletons (D:7)
  3 worms
  2 dart slugs
  3 leopard geckos
  80 orcs
  4 ball pythons
  4 giant cockroaches
  38 goblins
  24 hobgoblins
  12 jackals
  3 quokkas
  12 bats
  7 frilled lizards
  A goblin skeleton (D:11)
  2 goblin zombies (D:11)
  4 hobgoblin skeletons (D:11)
  2 hobgoblin zombies (D:11)
  11 kobolds
  A leopard gecko skeleton (D:4)
  An orc skeleton (D:11)
  15 orc zombies (D:11)
  A quokka zombie (D:6)
  10 rats
  16 briar patches (Swamp:1)
1368 creatures vanquished.

Vanquished Creatures (others)
  An alligator (Swamp:2)
  2 spriggan druids
  A black mamba (Snake:2)
  A naga mage (Snake:4)
  A rime drake (Lair:6)
  A bloated husk (Swamp:3)
  A swamp drake (Swamp:4)
  An ufetubus (D:11)
  10 foxfires (Swamp:1)
  45 fungi
  145 plants
209 creatures vanquished.

Grand Total: 1577 creatures vanquished

Notes
Turn   | Place    | Note
-------+----------+-------------------------------------------
     0 | D:1      | jlumianski the Palentonga Fighter began the quest for the
                  | Orb.
     0 | D:1      | Reached XP level 1. HP: 20/20 MP: 1/1
     5 | D:1      | Noticed a polar bear
     5 | D:1      | Noticed a lindwurm
     5 | D:1      | Noticed a swamp drake
     5 | D:1      | Noticed a wolf
   235 | D:1      | Reached XP level 2. HP: 26/27 MP: 2/2
   880 | D:2      | Reached XP level 3. HP: 33/33 MP: 3/3
   920 | D:2      | Found a runed translucent door.
   921 | D:2      | Noticed Crazy Yiuf
   927 | D:2      | Killed Crazy Yiuf
  1250 | D:2      | Reached XP level 4. HP: 37/40 MP: 4/4
  1346 | D:2      | Reached skill level 3 in Axes
  1821 | D:2      | Reached skill level 1 in Dodging
  1821 | D:2      | Reached XP level 5. HP: 45/48 MP: 5/5
  2433 | D:2      | Found an ornate altar of the Wu Jian Council.
  2839 | D:3      | Found a burning altar of Makhleb.
  3023 | D:2      | Reached XP level 6. HP: 12/55 MP: 3/6
  3798 | D:5      | Entered Level 5 of the Dungeon
  4154 | D:4      | Reached skill level 4 in Axes
  4205 | D:4      | Found a snail-covered altar of Cheibriados.
  4485 | D:5      | Gained mutation: You curl defensively after being hit.
                  | [Palentonga growth]
  4485 | D:5      | Reached XP level 7. HP: 63/64 MP: 7/7
  4619 | D:4      | Reached skill level 5 in Axes
  4997 | D:4      | Reached skill level 5 in Fighting
  5004 | D:4      | Reached XP level 8. HP: 52/72 MP: 8/8
  5098 | D:4      | Reached skill level 6 in Axes
  5789 | D:4      | Found a stormy altar of Qazlal.
  5857 | D:4      | Found a glowing golden altar of the Shining One.
  6352 | D:6      | Noticed Sigmund
  6366 | D:6      | Killed Sigmund
  6367 | D:6      | Reached skill level 7 in Axes
  6456 | D:5      | Found the +3 crown of Dyrovepreva {rElec Int+2 SInv}
  6955 | D:6      | Found a glowing silver altar of Zin.
  7039 | D:6      | Found a shimmering altar of Xom.
  7791 | D:6      | Gained mutation: You are weak. (Str -2) [potion of
                  | mutation]
  7791 | D:6      | Gained mutation: Your flesh is cold resistant. (rC+)
                  | [potion of mutation]
  7939 | D:6      | Reached XP level 9. HP: 71/79 MP: 6/9
  7943 | D:6      | Reached skill level 5 in Shields
  8071 | D:6      | Found a staircase to the Ecumenical Temple.
  8087 | Temple   | Entered the Ecumenical Temple
  8138 | Temple   | Became a worshipper of Warmaster Okawaru
  8803 | D:6      | Reached skill level 8 in Axes
  9262 | D:7      | Noticed Dowan
  9298 | D:7      | Killed Dowan
  9502 | D:7      | Noticed Duvessa
  9522 | D:7      | Killed Duvessa
  9522 | D:7      | Reached * piety under Okawaru
  9523 | D:7      | Reached skill level 5 in Armour
  9538 | D:7      | Reached skill level 9 in Axes
  9620 | D:7      | Noticed a white ugly thing
  9622 | D:7      | Noticed Joseph
 10030 | D:6      | Killed a white ugly thing
 10030 | D:6      | Reached ** piety under Okawaru
 10389 | D:7      | Killed Joseph
 10390 | D:7      | Reached XP level 10. HP: 57/89 MP: 8/10
 10895 | D:8      | Found Peelust's Distillery.
 10901 | D:8      | Bought a potion of haste for 150 gold pieces
 10901 | D:8      | Bought a potion of curing for 45 gold pieces
 10901 | D:8      | Bought a potion of curing for 45 gold pieces
 10941 | D:8      | Found a runed translucent gate.
 10942 | D:8      | Found a runed translucent gate.
 10942 | D:8      | Found a runed translucent gate.
 10947 | D:8      | Noticed a cyan ugly thing
 11058 | D:8      | Found a shadowy altar of Dithmenos.
 11283 | D:8      | Reached *** piety under Okawaru
 11406 | D:8      | Got an ancient granite ring
 11407 | D:8      | Identified the ring "Zilof" {rElec rN+ Will+ Int+2 Dex+6}
                  | (You found it on level 8 of the Dungeon)
 11438 | D:8      | Noticed a brown ugly thing
 11439 | D:8      | Noticed a purple ugly thing
 11439 | D:8      | Noticed a purple ugly thing
 11502 | D:7      | HP: 4/92 [acid (9)]
 11893 | D:7      | Killed a purple ugly thing
 11903 | D:7      | Killed a purple ugly thing
 11904 | D:7      | Reached skill level 10 in Axes
 12037 | D:8      | Killed a red ugly thing
 12054 | D:8      | Killed a red ugly thing
 12065 | D:8      | Found a runed translucent gate.
 12065 | D:8      | Found a runed translucent gate.
 12073 | D:8      | Found a runed translucent gate.
 12073 | D:8      | Noticed kingbonesx's ghost (novice FeCj)
 12079 | D:8      | Noticed a cyclops
 12079 | D:8      | a yaktaur changed into a cyclops
 12108 | D:8      | Noticed a fire crab
 12108 | D:8      | a cyclops changed into a fire crab
 12120 | D:8      | a fire crab changed into a yak
 12172 | D:8      | Gained mutation: Your tail ends in a poisonous barb. [a
                  | neqoxec]
 12174 | D:8      | Gained mutation: You are frail. (-10% HP) [a neqoxec]
 12383 | D:9      | Identified the +8 quarterstaff of Duty {vorpal, *Slow
                  | Str+5} (You found it on level 9 of the Dungeon)
 12392 | D:9      | Reached skill level 1 in Invocations
 12762 | D:9      | Noticed a two-headed ogre
 12771 | D:9      | Killed a two-headed ogre
 12771 | D:9      | Reached **** piety under Okawaru
 12772 | D:9      | Reached XP level 11. HP: 51/90 MP: 8/12
 12985 | D:9      | Found a broken altar of Ashenzari.
 12989 | D:9      | Found a bloodstained altar of Trog.
 12990 | D:9      | Found an ancient bone altar of Kikubaaqudgha.
 12990 | D:9      | Found a hazy altar of Hepliaklqana.
 12995 | D:9      | Found a white marble altar of Elyvilon.
 13275 | D:10     | Entered Level 10 of the Dungeon
 13345 | D:10     | Found a staircase to the Lair.
 13347 | D:10     | Noticed a green ugly thing
 13359 | D:10     | Killed a green ugly thing
 13372 | D:10     | Reached skill level 11 in Axes
 13487 | D:10     | Noticed a boulder beetle
 13516 | D:10     | Killed a boulder beetle
 14029 | D:10     | Noticed a two-headed ogre
 14039 | D:10     | Killed a two-headed ogre
 14056 | D:10     | Reached ***** piety under Okawaru
 14175 | D:10     | Found Saxkisch's Weapon Shop.
 14339 | D:10     | Got a polished dagger
 14358 | D:10     | Identified the cursed +1 dagger "Qutitt" {freeze, rN+} (You
                  | found it on level 10 of the Dungeon)
 14415 | D:10     | Found a runed translucent gate.
 14415 | D:10     | Found a runed translucent gate.
 14415 | D:10     | Found a runed translucent gate.
 14417 | D:10     | Noticed a 12-headed hydra
 14417 | D:10     | Noticed hawla's ghost (novice DrCj)
 14686 | D:11     | Noticed a death yak
 14700 | D:11     | Killed a death yak
 14700 | D:11     | Received a gift from Okawaru
 14885 | D:11     | Noticed a green ugly thing
 14905 | D:11     | Killed a green ugly thing
 14906 | D:11     | Reached skill level 12 in Axes
 14991 | D:11     | Found a staircase to the Orcish Mines.
 15607 | Orc:1    | Entered Level 1 of the Orcish Mines
 15624 | D:11     | Received a gift from Okawaru
 15922 | Orc:1    | Reached XP level 12. HP: 91/100 MP: 10/13
 15962 | Orc:1    | Noticed an ogre mage
 15962 | Orc:1    | Noticed a two-headed ogre
 15963 | Orc:1    | Noticed a two-headed ogre
 15984 | Orc:1    | Found a dark tunnel.
 15996 | Volcano  | Entered a volcano
 16419 | Volcano  | Noticed a centaur warrior
 16428 | Volcano  | Killed a centaur warrior
 16651 | Volcano  | Noticed a red draconian
 16666 | Volcano  | Killed a red draconian
 16840 | Orc:1    | Noticed an orc warlord
 17093 | D:11     | Killed an orc warlord
 17545 | Orc:1    | Killed an ogre mage
 17545 | Orc:1    | Received a gift from Okawaru
 17546 | Orc:1    | Reached skill level 13 in Axes
 17547 | Orc:1    | Killed a two-headed ogre
 17740 | D:11     | Killed a two-headed ogre
 18222 | Orc:1    | Noticed an orc high priest
 18245 | Orc:1    | Killed an orc high priest
 18367 | Orc:1    | Reached skill level 10 in Fighting
 18484 | Orc:2    | Entered Level 2 of the Orcish Mines
 18484 | Orc:2    | Found a staircase to the Elven Halls.
 18834 | Orc:2    | Found a roughly hewn altar of Beogh.
 19025 | Orc:1    | Reached ****** piety under Okawaru
 19402 | Orc:2    | Noticed Sonja
 19404 | Orc:2    | Noticed an ogre mage
 19404 | Orc:2    | Killed Sonja
 19405 | Orc:2    | Reached XP level 13. HP: 109/109 MP: 14/14
 19749 | Orc:1    | Received a gift from Okawaru
 20067 | Orc:2    | Reached skill level 14 in Axes
 20299 | Orc:2    | Reached skill level 1 in Stealth
 20479 | Orc:2    | Received a gift from Okawaru
 20487 | Orc:2    | Got a slimy barding {god gift}
 20493 | Orc:2    | Identified the +2 barding "Gifiajul" {Str+6} (Okawaru
                  | gifted it to you on level 2 of the Orcish Mines)
 20606 | Orc:2    | Found Vuakluoh's Antique Armour Shop.
 20611 | Orc:2    | Found Xeinaipt's Antique Armour Boutique.
 20612 | Orc:2    | Found Plog's Distillery.
 20613 | Orc:2    | Found Vefusah's Assorted Antiques.
 21255 | D:10     | Reached skill level 1 in Evocations
 21255 | D:10     | Reached XP level 14. HP: 120/120 MP: 14/16
 21259 | Lair:1   | Entered Level 1 of the Lair of Beasts
 21313 | Lair:1   | Found a blossoming altar of Fedhas.
 21825 | Lair:1   | Noticed Harold
 21840 | Lair:1   | Killed Harold
 22396 | Lair:1   | Reached skill level 15 in Axes
 22777 | Lair:2   | Found a staircase to the Snake Pit.
 22997 | Lair:2   | Noticed Gastronok
 22998 | Lair:2   | Reached XP level 15. HP: 93/126 MP: 12/17
 23002 | Lair:2   | Received a gift from Okawaru
 23015 | Lair:2   | Killed Gastronok
 23799 | Lair:3   | Reached skill level 10 in Shields
 24564 | Lair:3   | Identified the +9 plate armour of the Volcano {rF+ Dex+5
                  | SInv} (You found it on level 3 of the Lair of Beasts)
 24715 | Lair:3   | Found a staircase to the Swamp.
 25567 | Lair:4   | Found a sparkling altar of Nemelex Xobeh.
 25597 | Lair:4   | Reached skill level 16 in Axes
 25664 | Lair:4   | Received a gift from Okawaru
 26397 | Lair:5   | Found a staircase to the Slime Pits.
 26405 | Lair:5   | Received a gift from Okawaru
 26406 | Lair:5   | Reached skill level 10 in Armour
 26669 | Lair:5   | Reached skill level 1 in Throwing
 27415 | Lair:5   | Noticed Nessos
 27419 | Lair:5   | Killed Nessos
 27654 | Lair:6   | Entered Level 6 of the Lair of Beasts
 28073 | Lair:6   | Received a gift from Okawaru
 28677 | Lair:6   | Reached XP level 16. HP: 136/136 MP: 18/18
 28839 | Lair:6   | Got a jewelled falchion
 28852 | Lair:6   | Identified the +1 falchion "Kioc" {freeze, Dex+4} (You
                  | found it on level 6 of the Lair of Beasts)
 29615 | D:12     | Found a frozen archway.
 29683 | IceCv    | Entered an ice cave
 31370 | D:12     | Received a gift from Okawaru
 31381 | D:12     | Got fading ice dragon scales {god gift}
 31392 | D:12     | Identified the +5 ice dragon scales of Okawaru's Delight
                  | {rF- rC++ Str+4} (Okawaru gifted it to you on level 12 of
                  | the Dungeon)
 31743 | D:13     | Found a gate to the Vaults.
 32017 | D:13     | Noticed a storm dragon
 32070 | D:13     | Killed a storm dragon
 32533 | D:13     | Found a runed translucent door.
 32803 | D:13     | Reached skill level 17 in Axes
 33790 | D:15     | Entered Level 15 of the Dungeon
 33816 | D:15     | Found a staircase to the Depths.
 34392 | D:14     | Reached XP level 17. HP: 117/146 MP: 16/19
 34553 | D:14     | Received a gift from Okawaru
 34696 | D:15     | Received a gift from Okawaru
 34699 | D:15     | Got a crude barding {god gift}
 34748 | D:15     | Identified the +2 barding "Votiott" {*Corrode rN+++ MP+9
                  | Int-4} (Okawaru gifted it to you on level 15 of the
                  | Dungeon)
 35585 | Snake:1  | Entered Level 1 of the Snake Pit
 35637 | Snake:1  | Found Gadwapuq's Jewellery Boutique.
 35642 | Snake:1  | Found Tikhle Meowo's Gadget Shoppe.
 35643 | Snake:1  | Found Isuzoen's Jewellery Boutique.
 36229 | Snake:1  | Reached skill level 5 in Invocations
 36751 | Snake:2  | Found Xuovuobo's Assorted Antiques.
 36757 | Snake:2  | Bought a square amethyst amulet for 145 gold pieces
 37088 | Snake:2  | Found a runed translucent door.
 37091 | Snake:2  | Noticed vinnietd's ghost (adept HaFi)
 37382 | Snake:2  | Killed vinnietd's ghost
 38106 | Snake:2  | You fall into a shaft and drop 1 floor!
 38178 | Snake:3  | Received a gift from Okawaru
 38432 | Snake:3  | Found Rymih's Weapon Emporium.
 38432 | Snake:3  | Noticed Vashnia
 38924 | Snake:2  | Received a gift from Okawaru
 39635 | Snake:3  | Killed Vashnia
 39636 | Snake:3  | Reached skill level 15 in Fighting
 40234 | Snake:3  | Reached XP level 18. HP: 157/158 MP: 23/23
 40452 | Snake:4  | Entered Level 4 of the Snake Pit
 40644 | Snake:4  | Received a gift from Okawaru
 41248 | Snake:4  | Gained mutation: Your spells are a little easier to cast,
                  | but a little less powerful. [mutagenic glow]
 41261 | Snake:4  | Gained mutation: You tend to lose your temper in combat.
                  | [mutagenic glow]
 41272 | Snake:3  | Gained mutation: You have sharp fingernails. [mutagenic
                  | glow]
 41292 | Snake:3  | Gained mutation: You occasionally shout uncontrollably at
                  | your foes. [mutagenic glow]
 43672 | Snake:4  | Received a gift from Okawaru
 43708 | Snake:4  | Got a serpentine rune of Zot
 44301 | Swamp:1  | Entered Level 1 of the Swamp
 44301 | Swamp:1  | Found a transporter.
 44427 | Lair:3   | Reached skill level 18 in Axes
 44592 | Swamp:1  | Found a transporter.
 45160 | Swamp:1  | Got a crude mace
 45161 | Swamp:1  | Identified the cursed +0 mace of Decaying Guilt {pain, rC+
                  | Dex+4} (You found it on level 1 of the Swamp)
 45746 | Swamp:1  | Got a faintly glowing brass amulet
 45749 | Swamp:1  | Got an encrusted cloak
 45760 | Swamp:1  | Identified the +4 cloak of Truth {Will+} (You found it on
                  | level 1 of the Swamp)
 46015 | Swamp:1  | Identified the amulet "Ecuoroc" {rElec Regen+} (You found
                  | it on level 1 of the Swamp)
 46829 | Swamp:2  | Noticed Louise
 46856 | Swamp:2  | Killed Louise
 47936 | Swamp:3  | Reached XP level 19. HP: 142/166 MP: 26/26
 47942 | Swamp:3  | Identified a scroll of acquirement
 47943 | Swamp:3  | Acquired a manual of Shields
 48420 | Swamp:4  | Entered Level 4 of the Swamp
 48668 | Swamp:3  | Received a gift from Okawaru
 48671 | Swamp:3  | Got a bloodstained barding {god gift}
 48682 | Swamp:3  | Identified the +2 barding of Fortification {*Slow rF+
                  | Regen+ rCorr} (Okawaru gifted it to you on level 3 of the
                  | Swamp)
 48848 | Swamp:4  | Noticed Donald
 48874 | Swamp:3  | Killed Donald
 48875 | Swamp:3  | Reached skill level 10 in Invocations
 49387 | Swamp:4  | Noticed the 27-headed Lernaean hydra
 49411 | Swamp:4  | HP: 5/166 [the 27-headed Lernaean hydra (11)]
 49411 | Swamp:4  | Slain by the 27-headed Lernaean hydra

Illustrated notes

Levels and vault maps discovered:
D:1:      onia_arrival_zoo_common, layout_loops_ring
D:2:      layout_loops_corners, lemuel_coloured_pillars_altar, st_stairs_4,
          minmay_tetromino_t4, uniq_crazy_yiuf_cottage
D:3:      layout_basic, bloody_makhleb
D:4:      minmay_goblin_kobold_castle, layout_loops_ring,
          nicolae_overflow_crystal_walls, tso_altar, kennysheep_mini_moat
D:5:      layout_basic, serial_bayou_pond_c, st_stairs_10
D:6:      layout_cave_pods, tgw_xom, overflow_temple_1_default,
          minmay_temple_entry_offerings, chequers_decorated_corner, uniq_sigmund
D:7:      cheibrodos_fzero, layout_rooms, uniq_duvessa, uniq_joseph
D:8:      layout_loops_ring, grunt_dithmenos_shadows, serial_shops,
          shop_fountains, ploomutoo_gammafunk_ghost_potion_laboratory
D:9:      minmay_weird_star, layout_rooms, minitemple
D:10:     minmay_the_grid_3x2 [minmay_the_grid_holed_spiral,
          minmay_the_grid_pillar_ring, minmay_the_grid_large_cup,
          minmay_the_grid_small_cups, minmay_the_grid_gridbox,
          minmay_the_grid_prize_inner_circle], layout_small_grid, serial_shops,
          nicolae_shop_statue_plus, gammafunk_ghost_hydra_chop
D:11:     cheibrodos_frozen_isle, layout_loops_ring, zombieorc2_lemuel,
          serial_ice, serial_ice_b, serial_ice_i, serial_ice_e, serial_ice_f
D:12:     layout_rooms, serial_ice, serial_ice_g, serial_ice_c, serial_ice_b,
          serial_ice_m, serial_ice_o, serial_ice_a,
          portal_ice_cave_entry_animals_and_master
D:13:     regret_index_wax_grids, layout_stronghold, david_vaults_2,
          lightli_airlock
D:14:     layout_cave_pools, kennysheep_doodads
D:15:     grunt_enter_depths_giant_problem, layout_loops_ring,
          chequers_mini_garden
Temple:   cyrus_temple_forest
Lair:1:   layout_regular_city, basic_altar, serial_forest,
          infiniplex_forest_end_3, infiniplex_forest_clump_curved,
          infiniplex_forest_end_1, infiniplex_forest_straight_1,
          infiniplex_forest_pool, infiniplex_forest_corner_2,
          infiniplex_forest_lined_room_, grunt_megastairs_3,
          minmay_lair_oklob_chamber, infiniplex_staircase_pool_2,
          serial_bayou_shore_a, uniq_harold
Lair:2:   layout_regular_city, minmay_snake_entry_six_corridors,
          amcnicky_mini_pool_medium, uniq_gastronok
Lair:3:   layout_cave_pods, nicolae_swamp_entry_splash_gauntlet, st_stairs_10,
          chequers_serial_rivers_room_b, chequers_serial_rivers_small_a,
          minmay_lair_oklob_items, cheibrodos_lair_reptile_den
Lair:4:   layout_long_grid, basic_altar
Lair:5:   layout_cave_pods, slime_dummy, grunt_megastairs_1, uniq_nessos
Lair:6:   minmay_lair_end_enchanted_forest, layout_long_grid,
          serial_bayou_pond_a, serial_bayou_lagoon_b
Swamp:1:  gammafunk_worm_tunnel, layout_falls_marsh,
          nicolae_swamp_dense_foliage, swamp_pool5
Swamp:2:  layout_basic_swamp, evilmike_swamp_ruin_house_2, uniq_louise
Swamp:3:  layout_basic_swamp, hangedman_swamp_ruin_hall
Swamp:4:  grunt_swamp_rune_castle, layout_basic_swamp, uniq_bai_suzhen,
          uniq_donald
Snake:1:  layout_honeycomb, hangedman_snake_corridor_cut, minmay_shop_grove,
          grunt_megastairs_5
Snake:2:  layout_onion_interference, gammafunk_ghost_grave, serial_shops, shop
Snake:3:  layout_misc_corridors, serial_shops, shop, uniq_vashnia
Snake:4:  snake_pit, layout_cave_town
Orc:1:    layout_diamond_mine, nicolae_volcano_entry_batcave
Orc:2:    st_orc_open, layout_caves, basic_altar, nicolae_orc_crystal_geode,
          uniq_sonja

Skill      XL: |  1  2  3  4  5  6  7  8  9 10 11 12 13 14 15 16 17 18 19 |
---------------+----------------------------------------------------------+-----
Axes           | 3 4 5 7 9 10 12 13 14 15 16 17 18 | 18.6
Shields        | 3 4 5 6 7 8 9 10 12 13 | 13.0
Dodging        | 1 2 3 4 |  4.4
Armour         | 3 4 5 6 7 8 9 10 11 12 13 | 13.0
Fighting       | 4 5 6 7 9 10 11 12 13 15 16 | 16.0
Invocations    | 1 2 3 7 9 10 | 10.3
Stealth        | 1 2 |  2.5
Maces & Flails | 2 3 4 |  4.9
Evocations     | 1 2 |  2.7
Throwing       | 1 2 3 |  3.1

Action                   |  1- 3 |  4- 6 |  7- 9 | 10-12 | 13-15 | 16-18 | 19-21 || total
-------------------------+-------+-------+-------+-------+-------+-------+-------++-------
Melee: War axe           |    94 |   364 |   401 |   851 |   874 |   809 |       ||  3393
       Tailslap          |     8 |    23 |    53 |   122 |   201 |   378 |    33 ||   818
       Morningstar       |       |       |       |       |    47 |     4 |       ||    51
       Broad axe         |       |       |       |       |       |   861 |   156 ||  1017
Throw: Stone             |       |     1 |     2 |       |       |       |       ||     3
       Boomerang         |       |       |       |     8 |    26 |    53 |       ||    87
Invok: Heroism           |       |       |     1 |    10 |     3 |    15 |     1 ||    30
 Abil: Rolling Charge    |    23 |    25 |    31 |    76 |    86 |   165 |     4 ||   410
Evoke: Wand              |       |       |     1 |     3 |     1 |     5 |       ||    10
       Tin of tremorston |       |       |       |       |       |     2 |       ||     2
       Condenser vane    |       |       |       |       |       |     1 |       ||     1
  Use: Scroll            |     1 |     4 |     5 |    14 |    11 |    21 |     3 ||    59
       Potion            |     1 |     1 |     5 |     3 |     5 |     5 |       ||    20
 Stab: Petrifying        |       |       |       |       |     5 |       |       ||     5
       Petrified         |       |       |       |       |     4 |       |       ||     4
       Distracted        |       |       |       |       |       |     1 |       ||     1
       Sleeping          |       |       |       |       |       |     1 |       ||     1
       Confused          |       |       |       |       |       |       |     1 ||     1
Armor: Scale mail        |    37 |   208 |   144 |       |       |       |       ||   389
       Chain mail        |       |       |    93 |   182 |       |       |       ||   275
       Crystal plate arm |       |       |       |   320 |   321 |       |       ||   641
       Plate armour      |       |       |       |       |   274 |   963 |   292 ||  1529
Dodge: Dodged            |    17 |   108 |   121 |   120 |   121 |   269 |    66 ||   822
Block: Kite shield       |    46 |   221 |   211 |   438 |   561 |  1546 |       ||  3023
       Reflection        |       |       |       |       |       |   204 |     7 ||   211
       Tower shield      |       |       |       |       |       |    72 |   328 ||   400
